 Dungeon Sprint DCSS version 0.21-a0-41-g5e91fef (webtiles) character file.

1100000 Kidiri the Fighter (level 11, -18/108 HPs)
             Began as a Centaur Gladiator on June 3, 2017.
             Was an Initiate of Makhleb.
             Demolished by a meat berserker
             ... wielding a +9 battleaxe
              (34 damage)
             ... in the Dungeon (Sprint VIII: "Arena of Blood").
             The game lasted 00:00:36 (11 turns).

Kidiri the Fighter (Centaur Gladiator)                Turns: 11, Time: 00:00:37

Health: -18/108    AC:  6    Str: 16    XL:     11   Next: 71%
Magic:  1/19       EV: 16    Int:  7    God:    Makhleb [......]
Gold:   0          SH:  0    Dex: 15    Spells: 10/10 levels left

rFire    . . .     SeeInvis .   l - +∞ Axe of Woe
rCold    . . .     Gourm    .   (shield currently unavailable)
rNeg     . . .     Faith    .   b - +0 leather armour
rPois    .         Spirit   .   c - +0 helmet
rElec    .         Reflect  .   (no cloak)
rCorr    .         Harm     .   (no gloves)
MR       .....     NoTele   +   (no barding)
Stlth    +.........             (no amulet)
Regen    0.3/turn               (no ring)
MPRegen  0.2/turn               (no ring)

@: very quick
A: hooves 3, deformed body, speed 2, tough skin 3
a: Renounce Religion


You were in the Dungeon.
You worshipped Makhleb.
Makhleb was noncommittal.
You were not hungry.

You visited 1 branch

Inventory:

Hand Weapons
 a - a +0 war axe
 l - the +∞ Axe of Woe (weapon)
   (You found it in the Dungeon)
Missiles
 d - 3 throwing nets (quivered)
Armour
 b - a +0 leather armour (worn)
 c - a +0 helmet (worn)
Scrolls
 k - a scroll of blinking
Potions
 e - a potion of curing
 g - a potion of heal wounds
 h - a potion of haste
 i - 2 potions of magic
 j - a potion of berserk rage
Comestibles
 f - a bread ration


   Skills:
 * Level 13.9 Fighting
 * Level 13.1 Axes
 + Level 11.2 Throwing
 + Level 7.8 Armour
 * Level 11.2 Dodging
 + Level 10.9 Invocations


You had 10 spell levels left.
You didn't know any spells.

Dungeon Overview and Level Annotations

Branches:
Dungeon (1/1)

Altars:
Makhleb


Innate Abilities, Weirdness & Mutations

You have hooves in place of feet.
Armour fits poorly on your strangely shaped body.
You cover ground very quickly.
You have extremely tough skin. (AC +3)


Message History

Increase (S)trength, (I)ntelligence, or (D)exterity?
You feel agile.
You have reached level 7!
You have reached level 8!
You feel agile.
You have reached level 9!
Your experience leads to an increase in your attributes!
Increase (S)trength, (I)ntelligence, or (D)exterity?
You feel agile.
You have reached level 10!
You have reached level 11!
You hear a shout! x10
The meat berserker hits you with a +9 battleaxe!!
You hear a shout! x3
The meat berserker hits you with a +9 battleaxe!!!
Ouch! That really hurt!
* * * LOW HITPOINT WARNING * * *
You hear a shout! x3
The meat berserker hits you with a +9 battleaxe!!
You die...

####ooo..##.##.
O..............
#....O.....#o#..
#...o...........
#..............
..#.............
....o...o.......
....o.O@O.......
......#.......#
#.... #.......#
....###.......###.
......o..###o.....
.#.....o.._.......
......#.....#....
......#_.<._# .
..o...#.....#


You could see a large bag of meat (inner flame), 3 meat berserkers and 11 bags
of meat.

Vanquished Creatures
  An orc (D)
1 creature vanquished.

Notes
Turn   | Place    | Note
-------+----------+-------------------------------------------
     0 | D        | Kidiri the Centaur Gladiator began the quest for the Orb.
     0 | D        | Reached XP level 1. HP: 17/17 MP: 1/1
     3 | D        | Noticed a bag of meat
     4 | D        | Became a worshipper of Makhleb the Destroyer
     6 | D        | Noticed a bag of meat
     6 | D        | Noticed a bag of meat
     6 | D        | Noticed a bag of meat
     7 | D        | Noticed a meat berserker
     9 | D        | Noticed a bag of meat
     9 | D        | Noticed a bag of meat
    10 | D        | Noticed a bag of meat
    10 | D        | Noticed a meat berserker
    10 | D        | Noticed a bag of meat
    10 | D        | Noticed a bag of meat
    11 | D        | Noticed a large bag of meat
    11 | D        | Killed a bag of meat
    11 | D        | Reached skill level 10 in Invocations
    11 | D        | Reached XP level 2. HP: 45/45 MP: 1/8
    11 | D        | Reached XP level 3. HP: 51/51 MP: 1/9
    11 | D        | Reached XP level 4. HP: 59/59 MP: 1/11
    11 | D        | Reached XP level 5. HP: 66/66 MP: 1/12
    11 | D        | Reached XP level 6. HP: 73/73 MP: 1/14
    11 | D        | Reached XP level 7. HP: 80/80 MP: 1/15
    11 | D        | Reached XP level 8. HP: 88/88 MP: 1/16
    11 | D        | Reached XP level 9. HP: 94/94 MP: 1/17
    11 | D        | Reached XP level 10. HP: 102/102 MP: 1/18
    11 | D        | Reached XP level 11. HP: 108/108 MP: 1/19
    11 | D        | Demolished by a meat berserker

Vault maps used:
D:        meatsprint

Skill      XL: |  1 |
---------------+----+-----
Fighting       | 13 | 13.9
Axes           | 13 | 13.1
Throwing       | 11 | 11.2
Armour         | 7 |  7.8
Dodging        | 11 | 11.2
Invocations    | 10 | 10.9

Action                   |  1- 3 |  4- 6 |  7- 9 | 10-12 || total
-------------------------+-------+-------+-------+-------++-------
Melee: Executioner's axe |     1 |       |       |       ||     1
